Map: Orbital Shipyard

Players

Dayshi

  • Race: Terran Terran
  • League: Grandmaster

CMStormPolt (Polt) - Winner!

  • Race: Terran Terran
  • League: Master

Event: 2016 WCS Winter Circuit Championship

VOD

https://www.youtube.com/watch?v=HweRLuzc27g

Description

Time

  • Played on: March 3, 2016, 8:54 a.m.
  • Length: 10:22

All games in this series

Show
View Real Time Build Order
Export as new Build Order

Dayshi Terran 

Build Orders: MMM Bio 

Get SALT Encoding   

  12  0:00  SCV  
  13  0:12  SCV  
  14  0:18  Supply Depot  
  14  0:25  SCV  
  15  0:39  SCV  
  15  0:40  Barracks  
  16  0:51  SCV  
  17  1:04  SCV  
  18  1:16  SCV  
  18  1:17  Command Center  
  19  1:26  Marine  
  19  1:30  Orbital Command  
  20  1:36  Refinery  
  20  1:44  Marine  
  20  1:46  Supply Depot  
  21  1:57  SCV  
  21  2:00  Barracks  
  22  2:04  Marine  
  22  2:11  Bunker  
  22  2:14  SCV  
  23  2:21  Marine  
  24  2:29  SCV  
  25  2:31  Orbital Command  
  25  2:39  Marine  
  25  2:42  SCV  
  26  2:45  Factory  
  26  2:47  Marine  
  27  2:55  Refinery  
  27  2:57  Marine  
  28  2:59  SCV  
  28  3:00  SCV  
  30  3:11  SCV  
  31  3:16  Marine x2  
  31  3:19  SCV  
  34  3:23  Supply Depot, SCV  
  35  3:29  Factory Tech Lab  
  35  3:31  Starport  
  35  3:36  SCV  
  35  3:38  SCV  
  35  3:48  SCV  
  36  3:49  Marine  
  36  3:50  Siege Tank, Marine  
  36  4:05  SCV x2  
  36  4:09  Marine x2  
  40  4:17  SCV x2  
  36  4:32  Marine  
  36  4:33  SCV, Marine  
  36  4:34  Siege Tank, SCV  
  40  4:40  Refinery  
  40  4:45  SCV  
  40  4:46  SCV  
  40  4:50  Marine x2  
  39  4:57  SCV  
  39  4:58  SCV  
  37  5:09  SCV  
  37  5:10  SCV  
  37  5:15  Barracks Reactor  
  37  5:21  SCV, Barracks Tech Lab  
  37  5:22  SCV, Barracks x2  
  37  5:25  Engineering Bay  
  39  5:28  Siege Tank  
  39  5:34  SCV  
  39  5:35  SCV  
  44  5:39  Marine  
  44  5:42  Stimpack  
  45  5:46  SCV  
  45  5:47  SCV  
  47  5:52  Marine x2  
  47  5:55  Terran Infantry Weapons Level 1  
  47  5:56  Marine  
  49  5:58  SCV  
  49  5:59  SCV  
  49  6:02  Supply Depot  
  49  6:04  Supply Depot  
  52  6:10  SCV  
  53  6:13  Barracks Reactor x2, Marine  
  54  6:23  SCV, Marine x2  
  58  6:29  SCV  
  59  6:32  Marine  
  59  6:35  SCV  
  59  6:39  Command Center  
  58  6:41  Starport Reactor  
  58  6:44  Marine  
  58  6:45  Siege Tank  
  62  6:48  SCV  
  60  6:56  Marine  
  60  6:57  Marine x5  
  60  7:00  SCV  
  60  7:01  SCV  
  67  7:10  Supply Depot, Refinery  
  67  7:12  SCV  
  67  7:13  SCV, Marine  
  70  7:21  Siege Tank, Medivac x2, Marine  
  78  7:31  Marine x5  
  78  7:32  SCV  
  78  7:33  SCV  
  85  7:38  Marine  
  85  7:42  Combat Shields  
  86  7:50  Marine  
  86  7:51  Medivac x2  
  91  7:56  Marine  
  91  7:57  Marine x5  
  100  7:58  Siege Tank  
  100  8:04  SCV  
  101  8:09  Supply Depot, Marine  
  101  8:10  SCV  
  103  8:14  Marine  
  103  8:15  Marine x2  
  103  8:16  Marine x2  
  107  8:25  Medivac  
  109  8:30  Siege Tank, Marine x2  
  109  8:32  Marine  
  115  8:34  Marine x2  
  117  8:53  Marine x2  
  117  8:59  Marine x2  
  117  9:04  Marine  
  117  9:05  Marine  
  109  9:27  Marine  
  109  9:28  Marine  
  109  9:29  Marine  
  87  9:34  Marine  
Show
View Real Time Build Order
Export as new Build Order

CMStormPolt Terran - Winner!

Build Orders: Bio Tank 

Get SALT Encoding   

  12  0:01  SCV  
  13  0:13  SCV  
  14  0:18  Supply Depot  
  14  0:25  SCV  
  15  0:39  SCV  
  15  0:40  Barracks  
  16  0:44  Refinery  
  16  0:51  SCV  
  17  0:59  Barracks  
  17  1:03  SCV  
  18  1:15  SCV  
  19  1:29  Orbital Command  
  19  1:30  Reaper  
  20  1:33  Supply Depot  
  20  1:47  Reaper  
  20  1:55  SCV  
  21  2:03  Reaper, Refinery  
  21  2:07  SCV  
  23  2:19  SCV  
  23  2:21  Command Center  
  24  2:26  Reaper  
  25  2:31  SCV  
  27  2:37  Reaper  
  27  2:43  SCV  
  28  2:48  Supply Depot  
  28  2:55  SCV  
  28  2:56  Factory  
  29  3:01  Barracks Tech Lab  
  29  3:07  SCV  
  29  3:11  Barracks Reactor  
  30  3:19  SCV  
  31  3:21  Marine  
  32  3:29  Stimpack  
  32  3:31  SCV  
  33  3:34  Orbital Command  
  33  3:42  Marine  
  33  3:44  SCV  
  33  3:48  Marine x2  
  36  3:56  SCV  
  36  4:02  Marine  
  38  4:04  SCV, Starport  
  38  4:05  Factory Tech Lab  
  38  4:06  Marine x2  
  38  4:08  Refinery, SCV  
  42  4:16  SCV  
  43  4:17  Supply Depot  
  43  4:20  SCV, Marine  
  43  4:24  Marine x2  
  45  4:30  SCV  
  47  4:32  SCV  
  47  4:37  Siege Tank, Marine  
  52  4:42  SCV, Marine x2  
  52  4:44  SCV  
  56  4:54  SCV  
  56  4:55  Marine  
  56  4:56  SCV  
  56  4:59  Marine x2  
  59  5:06  SCV  
  62  5:08  SCV  
  62  5:15  Siege Tank, Medivac, Marine  
  62  5:16  Supply Depot  
  62  5:17  Marine x2  
  62  5:18  Supply Depot, Refinery  
  62  5:20  SCV x2  
  70  5:30  Command Center  
  70  5:32  Combat Shields  
  70  5:38  SCV x2, Marine x3  
  70  5:40  Engineering Bay  
  70  5:41  Engineering Bay  
  70  5:42  Supply Depot  
  75  5:46  Starport Reactor  
  75  5:50  SCV x2  
  75  5:53  Siege Tank  
  80  6:00  Marine x3  
  83  6:09  Barracks  
  83  6:10  Barracks  
  83  6:12  Barracks  
  83  6:15  Terran Infantry Weapons Level 1  
  83  6:17  Terran Infantry Armor Level 1  
  83  6:24  Medivac  
  83  6:25  Medivac  
  87  6:32  Marine x3  
  89  6:37  Siege Tank, SCV x2  
  94  6:44  Supply Depot x2  
  94  6:49  SCV x2  
  92  7:00  Marine x2  
  92  7:01  SCV x2, Barracks Reactor x3, Marine  
  94  7:02  Orbital Command  
  97  7:13  SCV  
  97  7:14  Sensor Tower, Missile Turret  
  98  7:16  SCV  
  98  7:17  Missile Turret  
  99  7:25  SCV  
  100  7:31  SCV x2  
  100  7:34  Factory  
  100  7:36  Marine x3  
  105  7:37  Siege Tank  
  105  7:38  SCV  
  105  7:41  Armory  
  105  7:43  SCV  
  105  7:44  SCV  
  111  7:45  Supply Depot  
  111  7:46  Supply Depot  
  111  7:52  Refinery  
  111  7:53  SCV  
  111  7:54  Refinery  
  111  7:55  SCV  
  111  7:56  SCV  
  114  7:59  Marine x9  
  123  8:08  Medivac x2  
  123  8:10  Siege Tank  
  130  8:17  Marine x9  
  130  8:18  Supply Depot  
  130  8:19  Supply Depot  
  139  8:22  Factory  
  139  8:23  Factory Tech Lab  
  139  8:29  Supply Depot  
  139  8:30  Supply Depot  
  139  8:40  Marine x8  
  139  8:41  Marine  
  148  8:42  Viking x2  
  148  8:46  Siege Tank  
  139  9:07  Marine x4  
  139  9:08  Marine x4  
  141  9:11  Siege Tank  
  141  9:12  Factory Tech Lab  
  141  9:15  Medivac x2  
  148  9:18  Siege Tank  
  148  9:22  Supply Depot  
  148  9:23  Supply Depot  
  148  9:24  Supply Depot  
Tags
 
Add a new tag
Caveats
  • Supply blocks, unpowered buildings, or Contaminate may cause inaccurate times.
  • Supply counts are checked every 10 seconds.